TOP OF THE 1ST |
Athens Assassins batting - Pitching for Savannah Hogs : RHP Mike Meeks
|
Pitching: RHP Mike Meeks
|
|
Batting: SHB José Estreito
|
0-0: Swinging Strike 0-1: Foul Ball, location: 2F 0-2: Ball 1-2: Ball 2-2: Fly out, F6 (Popup, 56)
|
Batting: RHB Juan Gonzáles
|
0-0: Ball 1-0: Called Strike 1-1: Foul Ball, location: 2F 1-2: Foul Ball, location: 2F 1-2: Ball 2-2: Ball 3-2: SINGLE (Groundball, 6M)
|
Batting: RHB Jorge Loanos
|
0-0: Ball 1-0: Called Strike 1-1: DOUBLE (Line Drive, 5D) Juan Gonzáles to third Runner from 3rd tries for Home, SAFE, no throw or cutoff
|
Batting: LHB Terry Simpson
|
0-0: Swinging Strike 0-1: Ball 1-1: Ball 2-1: Foul Ball, location: 2F 2-2: Ground out 6-3 (Groundball, 6)
|
Batting: LHB António Romo
|
0-0: Fly out, F9 (Flyball, 9M)
|
Top of the 1st over - 1 run(s), 2 hit(s), 0 error(s), 1 left on base; Athens 1 - Savannah 0 |
BOTTOM OF THE 1ST |
Savannah Hogs batting - Pitching for Athens Assassins : RHP Ole Moree
|
Pitching: RHP Ole Moree
|
|
Batting: RHB Jackson Gibson
|
0-0: Ball 1-0: Bunt for hit - play at first, batter safe!
|
Batting: LHB Jim Clemente
|
0-0: Ball 1-0: Swinging Strike 1-1: Called Strike Jackson Gibson steals 2nd base 1-2: Foul Ball, location: 2F 1-2: Ball 2-2: SINGLE (Groundball, 34) Jackson Gibson to third
|
Batting: LHB Ramón Morales
|
Pickoff Throw to First - Error! E1 Jackson Gibson scores Jim Clemente to second 0-0: Ball 1-0: Ball 2-0: Ball 3-0: Base on Balls
|
Batting: RHB Javier Martínez
|
0-0: Fly out, F8 (Flyball, 8LM)
|
Batting: RHB Remi Eruzione
|
0-0: Swinging Strike 0-1: Ball 1-1: SINGLE (Line Drive, 56) Jim Clemente to third Ramón Morales to second
|
Batting: LHB Pedro Medine
|
0-0: Foul Ball, location: 2F 0-1: Swinging Strike 0-2: Strikes out looking
|
Batting: RHB Anastasio Movonda
|
0-0: Swinging Strike 0-1: Ball 1-1: Swinging Strike 1-2: Foul Ball, location: 2F 1-2: Foul Ball, location: 2F 1-2: Foul Ball, location: 2F 1-2: Strikes out swinging
|
Bottom of the 1st over - 1 run(s), 3 hit(s), 1 error(s), 3 left on base; Athens 1 - Savannah 1 |
TOP OF THE 2ND |
Athens Assassins batting - Pitching for Savannah Hogs : RHP Mike Meeks
|
Batting: LHB Tommy Payne
|
0-0: Ball 1-0: Ball 2-0: SINGLE (Line Drive, 9S)
|
Batting: LHB Al Bartlett
|
0-0: Called Strike Tommy Payne is caught stealing 2nd base 0-1: Ball 1-1: Called Strike 1-2: Reached on error, E6 (Groundball, 6)
|
Batting: RHB Ryan Jackson
|
0-0: Called Strike Al Bartlett steals 2nd base 0-1: Ball 1-1: Ball 2-1: Swinging Strike 2-2: Ball 3-2: Base on Balls
|
Batting: SHB Rick Turner
|
0-0: Ball 1-0: Called Strike 1-1: Called Strike 1-2: SINGLE (Flyball, 8LS) Al Bartlett to third Ryan Jackson to second Runner from 3rd tries for Home, SAFE, no throw or cutoff
|
Batting: SHB José Estreito
|
0-0: Ball 1-0: Foul Ball, location: 2F 1-1: Foul Ball, location: 2F 1-2: Strikes out swinging
|
Batting: RHB Juan Gonzáles
|
0-0: Ground out 1-3 (Groundball, 23)
|
Top of the 2nd over - 1 run(s), 2 hit(s), 1 error(s), 2 left on base; Athens 2 - Savannah 1 |
BOTTOM OF THE 2ND |
Savannah Hogs batting - Pitching for Athens Assassins : RHP Ole Moree
|
Batting: RHB Miguel Toro
|
0-0: Foul Ball, location: 2F 0-1: SINGLE (Line Drive, 34D)
|
Batting: RHB Ernesto Gómez
|
0-0: Swinging Strike 0-1: SINGLE (Groundball, 56) Miguel Toro to second
|
Batting: RHB Jackson Gibson
|
0-0: Reached on error, E5 (Groundball, 5) Miguel Toro to third Ernesto Gómez to second
|
Batting: LHB Jim Clemente
|
0-0: Fly out, F7 (Flyball, 7S)
|
Batting: LHB Ramón Morales
|
0-0: Ball 1-0: Ball 2-0: Called Strike 2-1: Foul Ball, location: 2F 2-2: Fly out, F7 (Flyball, 78M) Runner from 3rd tags up, SCORES, no throw
|
Batting: RHB Javier Martínez
|
0-0: Ball 1-0: Ground out 1-3 (Groundball, 15)
|
Bottom of the 2nd over - 1 run(s), 2 hit(s), 1 error(s), 2 left on base; Athens 2 - Savannah 2 |
TOP OF THE 3RD |
Athens Assassins batting - Pitching for Savannah Hogs : RHP Mike Meeks
|
Batting: RHB Jorge Loanos
|
0-0: Ball 1-0: Swinging Strike 1-1: Called Strike 1-2: Strikes out swinging
|
Batting: LHB Terry Simpson
|
0-0: Swinging Strike 0-1: Swinging Strike 0-2: Ball 1-2: Foul Ball, location: 2F 1-2: SOLO HOME RUN (Flyball, 9D), Distance : 359 ft
|
Batting: LHB António Romo
|
0-0: Ball 1-0: Ball 2-0: Ball 3-0: Called Strike 3-1: Ground out 4-3 (Groundball, 34)
|
Batting: LHB Tommy Payne
|
0-0: Swinging Strike 0-1: Foul Ball, location: 2F 0-2: Ball 1-2: Strikes out swinging
|
Top of the 3rd over - 1 run(s), 1 hit(s), 0 error(s), 0 left on base; Athens 3 - Savannah 2 |
BOTTOM OF THE 3RD |
Savannah Hogs batting - Pitching for Athens Assassins : RHP Ole Moree
|
Batting: RHB Remi Eruzione
|
0-0: Called Strike 0-1: Ball 1-1: Foul Ball, location: 2F 1-2: Ball 2-2: SINGLE (Groundball, 6M)
|
Batting: LHB Pedro Medine
|
0-0: Ball Remi Eruzione is caught stealing 2nd base 1-0: Ground out 4-3 (Groundball, 4)
|
Batting: RHB Anastasio Movonda
|
0-0: Called Strike 0-1: SINGLE (Groundball, 56)
|
Batting: RHB Miguel Toro
|
0-0: Called Strike Anastasio Movonda steals 2nd base 0-1: Ball 1-1: Ball 2-1: Ball Wild Pitch! Anastasio Movonda to third 3-1: Base on Balls
|
Batting: RHB Ernesto Gómez
|
0-0: Ball Wild Pitch! Anastasio Movonda scores Miguel Toro to second 1-0: Foul Ball, location: 2F 1-1: Swinging Strike 1-2: Foul Ball, location: 2F 1-2: Ball 2-2: Ground out 4-3 (Groundball, 4)
|
Bottom of the 3rd over - 1 run(s), 2 hit(s), 0 error(s), 1 left on base; Athens 3 - Savannah 3 |
TOP OF THE 4TH |
Athens Assassins batting - Pitching for Savannah Hogs : RHP Mike Meeks
|
Batting: LHB Al Bartlett
|
0-0: Called Strike 0-1: Called Strike 0-2: Strikes out looking
|
Batting: RHB Ryan Jackson
|
0-0: Swinging Strike 0-1: Foul Ball, location: 2F 0-2: Ball 1-2: Foul Ball, location: 2F 1-2: Ground out 4-3 (Groundball, 4)
|
Batting: SHB Rick Turner
|
0-0: Called Strike 0-1: Ball 1-1: Fly out, F9 (Flyball, 89XD)
|
Top of the 4th over - 0 run(s), 0 hit(s), 0 error(s), 0 left on base; Athens 3 - Savannah 3 |
BOTTOM OF THE 4TH |
Savannah Hogs batting - Pitching for Athens Assassins : RHP Ole Moree
|
Batting: RHB Jackson Gibson
|
0-0: Swinging Strike 0-1: Foul Ball, location: 2F 0-2: Ball 1-2: Strikes out swinging
|
Batting: LHB Jim Clemente
|
0-0: Called Strike 0-1: Ball 1-1: Ball 2-1: Ball 3-1: Swinging Strike 3-2: Base on Balls
|
Pitching: LHP Desi Wells
|
|
Batting: LHB Ramón Morales
|
0-0: Fly out, F6 (Popup, 56D)
|
Batting: RHB Javier Martínez
|
0-0: Called Strike 0-1: Ball Throwing error on steal attempt, E2 Jim Clemente to third 1-1: Called Strike 1-2: Ball 2-2: Fly out, F7 (Flyball, 7M)
|
Bottom of the 4th over - 0 run(s), 0 hit(s), 1 error(s), 1 left on base; Athens 3 - Savannah 3 |
TOP OF THE 5TH |
Athens Assassins batting - Pitching for Savannah Hogs : RHP Mike Meeks
|
Batting: SHB José Estreito
|
0-0: Ball 1-0: Swinging Strike 1-1: Ball 2-1: Foul Ball, location: 2F 2-2: Ball 3-2: Base on Balls
|
Batting: RHB Juan Gonzáles
|
0-0: Ball 1-0: Ball 2-0: Ball 3-0: Called Strike 3-1: Called Strike 3-2: SINGLE (Line Drive, 7S) José Estreito to second
|
Batting: RHB Jorge Loanos
|
0-0: Ball 1-0: Ball 2-0: Foul Ball, location: 2F 2-1: Foul Ball, location: 2F 2-2: Ball 3-2: Strikes out swinging
|
Pitching: RHP Shannon Wallace
|
|
Batting: LHB Terry Simpson
|
0-0: Swinging Strike 0-1: Ball 1-1: SINGLE (Groundball, 56D) José Estreito to third Juan Gonzáles to second Runner from 3rd tries for Home, SAFE, no throw or cutoff
|
Batting: LHB António Romo
|
0-0: Called Strike 0-1: Foul Ball, location: 2F 0-2: Foul Ball, location: 2F 0-2: Ball 1-2: SINGLE (Line Drive, 8RS) Juan Gonzáles to third Terry Simpson to second Runner from 3rd tries for Home, SAFE, no throw or cutoff
|
Batting: LHB Tommy Payne
|
0-0: Called Strike 0-1: Ball 1-1: Swinging Strike 1-2: Fielders Choice at 2nd, 3-6 (Groundball, 3) Terry Simpson to third
|
Batting: LHB Al Bartlett
|
0-0: Ball 1-0: Called Strike 1-1: Ball 2-1: 3-RUN HOME RUN (Flyball, 9D), Distance : 378 ft
|
Batting: RHB Ryan Jackson
|
0-0: Ball 1-0: Foul Ball, location: 2F 1-1: Swinging Strike 1-2: Foul Ball, location: 2F 1-2: Ball 2-2: Foul Ball, location: 2F 2-2: Ball 3-2: SINGLE (Line Drive, 4D)
|
Batting: SHB Rick Turner
|
0-0: Ball 1-0: Called Strike 1-1: Foul Ball, location: 2F 1-2: Ball 2-2: Strikes out looking
|
Top of the 5th over - 5 run(s), 5 hit(s), 0 error(s), 1 left on base; Athens 8 - Savannah 3 |
BOTTOM OF THE 5TH |
Savannah Hogs batting - Pitching for Athens Assassins : LHP Desi Wells
|
Batting: RHB Remi Eruzione
|
0-0: SINGLE (Line Drive, 78S)
|
Batting: LHB Pedro Medine
|
0-0: Called Strike 0-1: Swinging Strike 0-2: Strikes out swinging
|
Batting: RHB Anastasio Movonda
|
0-0: Ball 1-0: SINGLE (Groundball, 34D) (infield hit) Remi Eruzione to second
|
Batting: RHB Miguel Toro
|
0-0: Called Strike 0-1: Swinging Strike 0-2: Ball 1-2: Ball 2-2: Ball 3-2: Base on Balls Remi Eruzione to third Anastasio Movonda to second
|
Batting: RHB Ernesto Gómez
|
0-0: Called Strike 0-1: Ball 1-1: Foul Ball, location: 2F 1-2: Ball 2-2: Ball 3-2: Base on Balls Remi Eruzione scores Anastasio Movonda to third Miguel Toro to second
|
Batting: RHB Jackson Gibson
|
0-0: Called Strike 0-1: Ball 1-1: Called Strike 1-2: Strikes out swinging
|
Batting: LHB Jim Clemente
|
0-0: Foul Ball, location: 2F 0-1: Ball 1-1: Ball 2-1: Swinging Strike 2-2: Foul Ball, location: 2F 2-2: Strikes out swinging
|
Bottom of the 5th over - 1 run(s), 2 hit(s), 0 error(s), 3 left on base; Athens 8 - Savannah 4 |
|
|
TOP OF THE 6TH |
Athens Assassins batting - Pitching for Savannah Hogs : RHP Shannon Wallace
|
Pitching: RHP José Gonzáles
|
|
Batting: SHB José Estreito
|
0-0: Ball 1-0: Called Strike 1-1: Called Strike 1-2: Ball 2-2: Ball 3-2: Strikes out looking
|
Batting: RHB Juan Gonzáles
|
0-0: Foul Ball, location: 2F 0-1: Ball 1-1: Swinging Strike 1-2: Foul Ball, location: 2F 1-2: Ball 2-2: Ball 3-2: Strikes out swinging
|
Batting: RHB Jorge Loanos
|
0-0: Ball 1-0: Swinging Strike 1-1: Swinging Strike 1-2: Ground out 6-3 (Groundball, 56D)
|
Top of the 6th over - 0 run(s), 0 hit(s), 0 error(s), 0 left on base; Athens 8 - Savannah 4 |
BOTTOM OF THE 6TH |
Savannah Hogs batting - Pitching for Athens Assassins : LHP Desi Wells
|
Batting: LHB Ramón Morales
|
0-0: Foul Ball, location: 2F 0-1: Foul Ball, location: 2F 0-2: Ball 1-2: Ball 2-2: Ball 3-2: Foul Ball, location: 2F 3-2: Foul Ball, location: 2F 3-2: Fly out, F7 (Flyball, 78S)
|
Batting: RHB Javier Martínez
|
0-0: Ball 1-0: Fly out, F9 (Flyball, 9LM)
|
Batting: RHB Remi Eruzione
|
0-0: Ball 1-0: Called Strike 1-1: Ball 2-1: Ball 3-1: Ground out 4-3 (Groundball, 13)
|
Bottom of the 6th over - 0 run(s), 0 hit(s), 0 error(s), 0 left on base; Athens 8 - Savannah 4 |
TOP OF THE 7TH |
Athens Assassins batting - Pitching for Savannah Hogs : RHP José Gonzáles
|
Batting: LHB Terry Simpson
|
0-0: Ball 1-0: DOUBLE (Line Drive, 9D)
|
Batting: LHB António Romo
|
0-0: Called Strike 0-1: Ball 1-1: Foul Ball, location: 2F 1-2: Foul Ball, location: 2F 1-2: Ball 2-2: Fly out, F8 (Flyball, 8RM)
|
Batting: LHB Tommy Payne
|
0-0: Intentional Walk
|
Batting: LHB Al Bartlett
|
0-0: Ball 1-0: Swinging Strike 1-1: Fly out, F5 (Line Drive, 56)
|
Batting: RHB Ryan Jackson
|
0-0: Ball 1-0: Ball 2-0: Called Strike 2-1: SINGLE (Flyball, 9LS) Terry Simpson to third Tommy Payne to second Runner from 3rd tries for Home, SAFE, throw made home
|
Batting: SHB Rick Turner
|
0-0: Called Strike 0-1: Ball 1-1: DOUBLE (Flyball, 89D) Tommy Payne scores Ryan Jackson to third
|
Batting: SHB José Estreito
|
0-0: Called Strike 0-1: Swinging Strike 0-2: Ball 1-2: Ball 2-2: Ball 3-2: Strikes out looking
|
Top of the 7th over - 2 run(s), 3 hit(s), 0 error(s), 2 left on base; Athens 10 - Savannah 4 |
BOTTOM OF THE 7TH |
Savannah Hogs batting - Pitching for Athens Assassins : LHP Desi Wells
|
Batting: LHB Pedro Medine
|
0-0: Foul Ball, location: 2F 0-1: Ball 1-1: Ball 2-1: Foul Ball, location: 2F 2-2: Ball 3-2: Strikes out looking
|
Pitching: RHP Anastasio García
|
|
Batting: RHB Anastasio Movonda
|
0-0: Fly out, F8 (Flyball, 78M)
|
Batting: RHB Miguel Toro
|
0-0: Ground out U3 (Groundball, 3S)
|
Bottom of the 7th over - 0 run(s), 0 hit(s), 0 error(s), 0 left on base; Athens 10 - Savannah 4 |
TOP OF THE 8TH |
Athens Assassins batting - Pitching for Savannah Hogs : RHP José Gonzáles
|
Pitching: RHP Luis Sánchez
|
|
Batting: RHB Juan Gonzáles
|
0-0: Ball 1-0: Foul Ball, location: 2F 1-1: Foul Ball, location: 2F 1-2: Ball 2-2: Ball 3-2: Base on Balls
|
Batting: RHB Jorge Loanos
|
0-0: Swinging Strike 0-1: Ball 1-1: Ball 2-1: Fly out, F9 (Flyball, 9M)
|
Batting: LHB Terry Simpson
|
0-0: Ball 1-0: Ball 2-0: Swinging Strike 2-1: Called Strike 2-2: Foul Ball, location: 2F 2-2: Strikes out swinging
|
Batting: LHB António Romo
|
0-0: Called Strike 0-1: Foul Ball, location: 2F 0-2: Foul Ball, location: 2F 0-2: Ground out 4-3 (Groundball, 4)
|
Top of the 8th over - 0 run(s), 0 hit(s), 0 error(s), 1 left on base; Athens 10 - Savannah 4 |
BOTTOM OF THE 8TH |
Savannah Hogs batting - Pitching for Athens Assassins : RHP Anastasio García
|
Now at 2B: Ramón Rodríguez
|
|
Batting: RHB Ernesto Gómez
|
0-0: Ground out 6-3 (Groundball, 6)
|
Batting: RHB Jackson Gibson
|
0-0: SOLO HOME RUN (Flyball, 8LXD), Distance : 424 ft
|
Batting: LHB Jim Clemente
|
0-0: Ball 1-0: Ball 2-0: Called Strike 2-1: Ball 3-1: Called Strike 3-2: Foul Ball, location: 2F 3-2: Strikes out swinging
|
Batting: LHB Ramón Morales
|
0-0: Called Strike 0-1: Ball 1-1: Swinging Strike 1-2: Ball 2-2: Ball 3-2: Base on Balls
|
Batting: RHB Javier Martínez
|
0-0: Swinging Strike 0-1: Foul Ball, location: 2F 0-2: Ball 1-2: 2-RUN HOME RUN (Flyball, 7D), Distance : 384 ft
|
Batting: RHB Remi Eruzione
|
0-0: Called Strike 0-1: Ball 1-1: Called Strike 1-2: Ball 2-2: Ground out 4-3 (Groundball, 4)
|
Bottom of the 8th over - 3 run(s), 2 hit(s), 0 error(s), 0 left on base; Athens 10 - Savannah 7 |
TOP OF THE 9TH |
Athens Assassins batting - Pitching for Savannah Hogs : RHP Luis Sánchez
|
Batting: LHB Tommy Payne
|
0-0: Foul Ball, location: 2F 0-1: Foul Ball, location: 2F 0-2: Ball 1-2: Ground out U3 (Groundball, 3)
|
Batting: LHB Al Bartlett
|
0-0: Called Strike 0-1: Ball 1-1: Ball 2-1: Called Strike 2-2: Strikes out looking
|
Batting: RHB Ryan Jackson
|
0-0: Ball 1-0: Called Strike 1-1: Called Strike 1-2: Strikes out swinging
|
Top of the 9th over - 0 run(s), 0 hit(s), 0 error(s), 0 left on base; Athens 10 - Savannah 7 |
BOTTOM OF THE 9TH |
Savannah Hogs batting - Pitching for Athens Assassins : RHP Anastasio García
|
Pitching: RHP Ramón Maestas
|
|
Batting: LHB Pedro Medine
|
0-0: Foul Ball, location: 2F 0-1: Ball 1-1: Swinging Strike 1-2: Ground out U3 (Groundball, 3)
|
Batting: RHB Anastasio Movonda
|
0-0: Called Strike 0-1: Ball 1-1: Fly out, F8 (Flyball, 78S)
|
Batting: RHB Miguel Toro
|
0-0: Fly out, F3 (Popup, 3SF)
|
Bottom of the 9th over - 0 run(s), 0 hit(s), 0 error(s), 0 left on base; Athens 10 - Savannah 7 |
|
Monday, December 5th, 2016 - OOTP Baseball 17.12 Build 75
|
|